 Dungeon Crawl Stone Soup version 0.17.1-1-g73c8601 (webtiles) character file.

15 Lianjan the Digger (level 2, 0/15 HPs)
             Began as a Gargoyle Earth Elementalist on Jan 29, 2016.
             Slain by a hobgoblin
             ... wielding a +0 club
              (4 damage)
             ... on level 1 of the Dungeon.
             The game lasted 00:03:04 (659 turns).

Lianjan the Digger (Gargoyle Earth Elementalist)     Turns: 659, Time: 00:03:04

Health: 0/15       AC:  4    Str: 11    XL:     2   Next: 50%
Magic:  0/5        EV: 12    Int: 15    God:
Gold:   38         SH:  0    Dex: 10    Spells: 2 memorised, 3 levels left

rFire  . . .     SeeInvis .     b - 23 stones
rCold  . . .     Clarity  .     f - +0 robe (curse)
rNeg   + . .     SustAt   .     (no shield)
rPois  ∞         Gourm    .     (no helmet)
rElec  +         Spirit   .     (no cloak)
rCorr  .         Warding  .     (no gloves)
rMut   .         Stasis   .     (no boots)
MR     .....                    (no amulet)
Stlth  ++........               (no ring)
                                (no ring)

@: not resistant to hostile enchantments, unstealthy
A: negative energy resistance 1, electricity resistance, unbreathing,
petrification resistance, rot immunity, AC +2
a: no special abilities


You were on level 1 of the Dungeon.
You were not hungry.

You visited 1 branch of the dungeon, and saw 1 of its levels.

You collected 38 gold pieces.

Inventory:

Missiles
 b - 23 stones (in hand)
Armour
 a - a +0 robe
 f - a cursed +0 robe (worn)
Scrolls
 e - 2 scrolls of remove curse {unknown}
 i - a scroll of fog {unknown}
Potions
 g - a potion of flight {unknown}
Books
 c - a book of Geomancy

   Spells                             Type                      Level
   a - Sandblast                      Earth                        1
   b - Stoneskin                      Transmutation/Earth          2
   c - Passwall                       Transmutation/Earth          3
   d - Stone Arrow                    Conjuration/Earth            3
   e - Petrify                        Transmutation/Earth          4
   f - Lee's Rapid Deconstruction     Earth                        5
Comestibles
 d - a bread ration


   Skills:
 - Level 1.5 Dodging
 - Level 2.1 Stealth
 * Level 2.6 Spellcasting
 - Level 0.7 Transmutations
 + Level 3.9 Earth Magic


You had 3 spell levels left.
You knew the following spells:

 Your Spells              Type           Power        Failure   Level  Hunger
a - Sandblast             Erth           ##....       4%          1    #......
b - Stoneskin             Trmt/Erth      #.......     12%         2    ###....


Dungeon Overview and Level Annotations

Branches:
Dungeon (1/15)

Altars:


Innate Abilities, Weirdness & Mutations

You are resistant to torment.
Your stone body is resilient (AC +2).
You are immune to poison.
You resist negative energy.
You are resistant to electric shocks.
You can survive without breathing.
You are immune to petrification.
You are immune to rotting.


Message History

Press: ? - help, Shift-Dir - straight line, f/p - hobgoblin
Aim: a hobgoblin, wielding a club and wearing a ring mail (moderately wounded)
The blast of sand hits the hobgoblin.
The hobgoblin is moderately wounded.
The hobgoblin closely misses you.
Casting: Sandblast
Confirm with . or Enter, or press ? or * to list all spells.
You don't have enough magic to cast that spell.
Wield which item (- for none, * to show all)? (? for menu, Esc to quit)
b - 24 stones (in hand)
The hobgoblin closely misses you.
Casting: Sandblast
Confirm with . or Enter, or press ? or * to list all spells.
Aiming: Sandblast
Press: ? - help, Shift-Dir - straight line, f/p - hobgoblin
Aim: a hobgoblin, wielding a club and wearing a ring mail (moderately wounded)
The rocky blast hits the hobgoblin.
The hobgoblin is almost dead.
The hobgoblin hits you with a club.
You die...

########### ..........#
#########.########
.................#
....##.......###.#..
.............+.#.#.######
.............#.#.#.#...$
#.#............#.#.#...#
#.#............#@#.#...#
#.#............#g#.#...#
#.#....##+##...#.#'#...#
#.#....##......#.......#
#.#....#####.#.#.......#
#.#....# #.#.#..?....#
#.#....# #...#.......#
#.###### #####.#.#...#
#.# #.#.#.....


You could see a hobgoblin.

Vanquished Creatures
  A ball python (D:1)
  2 bats (D:1)
  A giant cockroach (D:1)
  2 goblins (D:1)
  A hobgoblin (D:1)
  2 giant newts (D:1)
  4 kobolds (D:1)
  A rat (D:1)
14 creatures vanquished.

Notes
Turn   | Place    | Note
--------------------------------------------------------------
     0 | D:1      | Lianjan the Gargoyle Earth Elementalist began the quest for the Orb.
     0 | D:1      | Reached XP level 1. HP: 10/10 MP: 3/3
   239 | D:1      | Reached XP level 2. HP: 15/15 MP: 2/5
   243 | D:1      | Learned a level 2 spell: Stoneskin
   659 | D:1      | Slain by a hobgoblin

Action                   || total
-------------------------++-------
Melee: Unarmed           ||    29
 Cast: Sandblast         ||    29
